 Dungeon Crawl Stone Soup version 0.19.1 (webtiles) character file.

439 empire the Destroyer (level 6, 0/28 HPs)
             Began as a Spriggan Venom Mage on Dec 8, 2016.
             Slain by a phantom (6 damage)
             ... on level 3 of the Dungeon.
             The game lasted 00:12:05 (3546 turns).

empire the Destroyer (Spriggan Venom Mage)          Turns: 3546, Time: 00:12:06

Health: 0/28       AC:  2    Str:  4    XL:     6   Next: 70%
Magic:  3/12       EV: 20    Int: 19    God:
Gold:   196        SH:  0    Dex: 16    Spells: 3 memorised, 2 levels left

rFire  . . .     SeeInvis +     b - +0 rapier
rCold  . . .     Gourm    .     e - +0 robe
rNeg   . . .     Faith    .     (shield restricted)
rPois  .         Spirit   .     (helmet restricted)
rElec  .         Reflect  .     (no cloak)
rCorr  .         Harm     .     (gloves unavailable)
MR     +....                    (boots unavailable)
Stlth  +++.......               (no amulet)
                                (no ring)
                                (no ring)

@: very quick
A: unfitting armour, see invisible, herbivore 3, speed 3, slow metabolism 2
a: no special abilities


You were on level 3 of the Dungeon.
You were hungry.

You visited 1 branch of the dungeon, and saw 4 of its levels.

You collected 196 gold pieces.

Inventory:

Hand Weapons
 a - a +1 dagger
 b - a +0 rapier (weapon)
 j - a +0 vampiric dagger
Missiles
 g - 47 arrows
Armour
 e - a +0 robe (worn)
Wands
 o - a wand of hasting (3/9)
Potions
 d - 5 potions of curing
 f - a potion of invisibility
 k - a potion of heal wounds
 l - a potion of lignification {unknown}
 p - a potion of haste {unknown}
 q - a potion of mutation {unknown}
Books
 h - a Young Poisoner's Handbook

   Spells                             Type                      Level
   a - Sting                          Conjuration/Poison           1
   b - Mephitic Cloud                 Conjuration/Poison/Air       3
   c - Olgreb's Toxic Radiance        Poison                       4
   d - Alistair's Intoxication        Transmutation/Poison         5
   e - Venom Bolt                     Conjuration/Poison           5
Comestibles
 c - 3 bread rations
 m - a fruit


   Skills:
 + Level 4.5 Dodging
 + Level 4.5 Stealth
 + Level 3.4 Spellcasting
 - Level 8.8 Conjurations
 + Level 1.0 Air Magic
 + Level 4.7 Poison Magic
 + Level 1.1 Evocations


You had 2 spell levels left.
You knew the following spells:

 Your Spells              Type           Power        Failure   Level  Hunger
a - Sting                 Conj/Pois      ####         1%          1    None
b - Mephitic Cloud        Conj/Pois/Air  ###.....     8%          3    ###....
c - Venom Bolt            Conj/Pois      ####......   28%         5    ######.


Dungeon Overview and Level Annotations

Branches:
Dungeon (4/15)
 Temple: D:4-7

Altars:
Cheibriados
Okawaru
Qazlal
Xom


Innate Abilities, Weirdness & Mutations

You are very small and have problems with some larger weapons.
You are too small for most types of armour.
You have supernaturally acute eyesight. (SInv)
You are a herbivore.
You cover ground extremely quickly.
You need consume almost no food.


Message History

The phantom blinks!
There is a stone staircase leading up here.
There is a stone staircase leading down here.
Adjust (i)tems, (s)pells, or (a)bilities?
Adjust which item? (? for menu, Esc to quit)
h - a rapier Adjust to which letter? (? for menu, Esc to quit)
b - a rapier;
h - a Young Poisoner's Handbook
b - a +0 rapier (weapon)
You barely miss the phantom. The phantom hits you!
You barely miss the phantom. The phantom barely misses you.
You hit the phantom.
The phantom is lightly damaged.
The phantom hits you!
* * * LOW HITPOINT WARNING * * *
You hit the phantom.
The phantom is lightly damaged.
The phantom hits you but does no damage.
The phantom hits you.
You die...

#.#.###.# #....≈##≈≈#≈...§..##.
........# ##.≈....≈≈≈..........
#..#..#.# #...≈...≈........#.#
#.###...# #...........†.†.....
##.#....# ##....###.#..#..#...
#.......# ######...###.#..#......
#.......###...........[..........
........<..>....W.........#..#.<#
#.###.#.###.....@........##.##..#
#.###.#.# ######...#####.#8.8#...
#.......# #...# #.......##
#####)##########...### ###8.8#..(
### #.#..............# ##.#####
..# #.#.#####..#...#.# #....# #.#
#.#.#####..##.##.# ####.# #.#
#.#.##........##.#### #.##
#.###.#.##.....####.....#### #...


You could see a phantom.

Vanquished Creatures
  Eustachio (D:4)
  An ogre (D:4)
  3 adders
  An ooze (D:2)
  A worm (D:2)
  4 dart slugs (D:1)
  A leopard gecko (D:3)
  An orc (D:3)
  3 ball pythons
  6 bats
  3 giant cockroaches (D:1)
  10 goblins
  8 hobgoblins
  9 jackals
  2 quokkas
  5 frilled lizards
  10 kobolds
  11 rats
80 creatures vanquished.

Notes
Turn   | Place    | Note
-------+----------+-------------------------------------------
     0 | D:1      | empire the Spriggan Venom Mage began the quest for the Orb.
     0 | D:1      | Reached XP level 1. HP: 9/9 MP: 5/5
   335 | D:1      | Reached XP level 2. HP: 13/13 MP: 1/6
   927 | D:1      | Reached XP level 3. HP: 12/16 MP: 1/8
  1082 | D:1      | Reached skill level 1 in Conjurations
  1118 | D:1      | Learned a level 3 spell: Mephitic Cloud
  2381 | D:2      | Reached XP level 4. HP: 21/21 MP: 2/9
  2824 | D:3      | Found a stormy altar of Qazlal.
  2850 | D:3      | Found an iron altar of Okawaru.
  2907 | D:3      | Reached skill level 8 in Conjurations
  2907 | D:3      | Reached XP level 5. HP: 24/24 MP: 10/10
  2914 | D:3      | Learned a level 5 spell: Venom Bolt
  3069 | D:3      | Noticed a phantom
  3108 | D:3      | Found a shimmering altar of Xom.
  3109 | D:3      | Found a snail-covered altar of Cheibriados.
  3455 | D:4      | Noticed Eustachio
  3472 | D:4      | Noticed an ogre
  3483 | D:4      | Killed Eustachio
  3483 | D:4      | Reached skill level 1 in Air Magic
  3483 | D:4      | Reached XP level 6. HP: 18/28 MP: 0/11
  3511 | D:4      | Reached skill level 1 in Evocations
  3546 | D:3      | Slain by a phantom

Skill      XL: |  1  2  3  4  5  6 |
---------------+-------------------+-----
Conjurations   | 1 8 |  8.8
Spellcasting   | 3 |  3.4
Stealth        | 4 |  4.5
Dodging        | 4 |  4.5
Air Magic      | 1 |  1.0
Evocations     | 1 |  1.1
Poison Magic   | |  4.7

Action                   |  1- 3 |  4- 6 || total
-------------------------+-------+-------++-------
Melee: Unarmed           |    30 |       ||    30
       Dagger            |    52 |    43 ||    95
       Rapier            |       |     4 ||     4
 Cast: Sting             |   102 |    34 ||   136
       Mephitic Cloud    |       |     2 ||     2
  Use: Scroll            |     1 |     7 ||     8
       Potion            |       |     1 ||     1
 Stab: Sleeping          |     3 |     7 ||    10
Armor: Robe              |    10 |     4 ||    14
Dodge: Dodged            |   140 |    35 ||   175
